 Dungeon Crawl Stone Soup version bcrawl-1.21.2-1-g32d02e0829 (webtiles) character file.

Game seed: 9990111007083762502

51 Freyura the Shield-Bearer (level 3, -3/22 HPs)
             Began as a Vine Stalker Fighter on Feb 22, 2020.
             Was a Follower of Elyvilon.
             Slain by an ice beast (5 damage)
             ... on level 3 of the Dungeon.
             The game lasted 00:02:51 (1596 turns).

Freyura the Shield-Bearer (Vine Stalker Fighter)    Turns: 1596, Time: 00:02:52

Health: -3/22      AC:  6    Str: 18    XL:     3   Next: 81%
Magic:  4/4        EV:  7    Int:  8    God:    Elyvilon [*.....]
Gold:   65         SH:  9    Dex: 14    Spells: 2/2 levels left

rFire    . . .     SeeInvis .   p - +1 mace (protect)
rCold    . . .     Gourm    .   c - +0 shield
rNeg     . . .     Faith    .   b - +0 scale mail
rPois    .         Spirit   .   (no helmet)
rElec    .         Reflect  .   (no cloak)
rCorr    .         Harm     .   (no gloves)
MR       .....                  (no boots)
Stlth    ..........             (no amulet)
HPRegen  0.47/turn              (no ring)
MPRegen  0.09/turn              (no ring)

@: no status effects
A: fangs 2, regeneration 1, no potion heal 3, rot immunity, strong jaws
a: Lesser Healing, Divine Protection, Renounce Religion


You were on level 3 of the Dungeon.
You worshipped Elyvilon.
Elyvilon was aware of your devotion.
You were not hungry.

You visited 1 branch of the dungeon, and saw 3 of its levels.

You collected 65 gold pieces.

Inventory:

Hand Weapons
 a - a +0 flail
 g - a +0 mace
 p - a +1 mace of protection (weapon)
Armour
 b - a +0 scale mail (worn)
 c - a +0 shield (worn)
Scrolls
 f - 2 scrolls of identify {unknown}
 i - 3 scrolls of teleportation {unknown}
 l - a scroll of remove curse {unknown}
 o - 3 scrolls of fog {unknown}
Potions
 d - a potion of might
 h - a potion of degeneration {unknown}
 j - a potion of invisibility {unknown}
 k - a potion of resistance {unknown}
 m - 2 potions of curing {unknown}
 n - a potion of experience {unknown}
Comestibles
 e - a ration {!d}


   Skills:
 + Level 2.9 Fighting
 * Level 2.5 Maces & Flails
 + Level 2.6 Armour
 + Level 1.1 Dodging
 + Level 3.0 Shields
 + Level 0.2 Invocations


You had 2 spell levels left.
You didn't know any spells.
Your spell library was empty.

Dungeon Overview and Level Annotations

Branches:
Dungeon (3/12)

Altars:
Ashenzari
Elyvilon
Qazlal
Uskayaw
Wu Jian
Yredelemnul


Innate Abilities, Weirdness & Mutations

You have extremely sharp teeth.
Your natural rate of healing is unusually fast.
Potions cannot restore your health.
You are immune to rotting.
Your bites deal extra damage.


Message History

You block the ice beast's attack.
You closely miss the ice beast.
The ice beast is lightly wounded.
The ice beast hits you but does no damage.
You block the ice beast's attack.
You barely miss the ice beast. Your bite misses the ice beast.
The ice beast is lightly wounded.
The ice beast hits you but does no damage.
You closely miss the ice beast. Your bite misses the ice beast.
The ice beast is lightly wounded.
The ice beast barely misses you.
You closely miss the ice beast.
The ice beast is lightly wounded.
The ice beast hits you. The ice beast freezes you!
Ouch! That really hurt!
* * * LOW HITPOINT WARNING * * *
The ice beast hits you.
* * * LOW HITPOINT WARNING * * *
The ice beast freezes you.
You die...

.....#+#..
###........
#..........
#.#...[.... ###
#.#........ ..
#...w...... #.
#.#......#. #.####
#.#......## #.@Yg#
#.#......#
####.####.#Y.....#
#..<...Y.#.######
#.##.......# #.
#.#....## #
#.#....# ..#....#
#########


You could see an ice beast and a goblin.

Vanquished Creatures
  An adder (D:2)
  A worm (D:2)
  A dart slug (D:2)
  2 leopard geckos
  A ball python (D:1)
  4 bats
  2 giant cockroaches
  2 goblins
  5 hobgoblins
  2 kobolds
  A quokka (D:2)
  4 frilled lizards
  10 rats
36 creatures vanquished.

Notes
Turn   | Place    | Note
-------+----------+-------------------------------------------
     0 | D:1      | Freyura the Vine Stalker Fighter began the quest for the
                  | Orb.
     0 | D:1      | Reached XP level 1. HP: 13/13 MP: 2/2
   349 | D:1      | Reached XP level 2. HP: 18/18 MP: 3/3
   955 | D:2      | Reached XP level 3. HP: 12/22 MP: 4/4
  1022 | D:2      | Found a basalt altar of Yredelemnul.
  1022 | D:2      | Found a shattered altar of Ashenzari.
  1030 | D:2      | Found a stormy altar of Qazlal.
  1033 | D:2      | Found a hide-covered altar of Uskayaw.
  1035 | D:2      | Found a white marble altar of Elyvilon.
  1052 | D:2      | Became a worshipper of Elyvilon the Healer
  1220 | D:2      | Found an ornate altar of the Wu Jian Council.
  1227 | D:2      | Reached skill level 1 in Dodging
  1539 | D:3      | Reached * piety under Elyvilon
  1554 | D:3      | Noticed an ice beast
  1590 | D:3      | Reached skill level 3 in Shields
  1596 | D:3      | Slain by an ice beast

Skill      XL: |  1  2  3 |
---------------+----------+-----
Maces & Flails | 2 |  2.5
Dodging        | 1 |  1.1
Shields        | 3 |  3.0
Fighting       | |  2.9
Armour         | |  2.6
Invocations    | |  0.2

Action                   || total
-------------------------++-------
Melee: Flail             ||    19
       Mace              ||   113
       Bite              ||    15
  Eat: Chunk             ||     2
Armor: Scale mail        ||    91
Dodge: Dodged            ||    51
Block: Shield            ||    92
